 Dungeon Crawl Stone Soup version 0.30.1-4-g462c640d31 (webtiles) character file.

Game seed: 6268439962862188553

58 rvierbuc the Grave Robber (level 3, -1/24 HPs)
             Began as a Demonspawn Necromancer on Aug 22, 2023.
             Killed by divine providence
             ... invoked by an orc priest
              (11 damage)
             ... on level 4 of the Dungeon.
             The game lasted 00:06:25 (1241 turns).

rvierbuc the Grave Robber (Demonspawn Necromancer)  Turns: 1241, Time: 00:06:25

Health: -1/24      AC:  6    Str:  8    XL:     3   Next: 76%
Magic:  4/6        EV: 12    Int: 18    God:
Gold:   66         SH:  0    Dex: 13    Spells: 6/7 levels left

rFire   . . .        c - +0 long sword
rCold   . . .        (no shield)
rNeg    . . .        a - +0 robe
rPois   .            i - +0 helmet
rElec   .            e - scarf {+Inv}
rCorr   .            (no gloves)
SInv    .            g - +0 pair of boots
Will    .....        (no amulet)
Stlth   ++           (no ring)
HPRegen 0.24/turn    (no ring)
MPRegen 0.10/turn

%: no passive effects
@: very slightly contaminated
A: molten scales 1, powered by death 1
a: Evoke Invisibility


You were on level 4 of the Dungeon.
You visited 1 branch of the dungeon, and saw 3 of its levels.

You collected 66 gold pieces.

Inventory:

Hand Weapons
 c - a +0 long sword (weapon)
 f - a +0 short sword of speed
Armour
 a - a +0 robe (worn)
 e - a scarf of invisibility (worn)
 g - a +0 pair of boots (worn)
 i - a +0 helmet (worn)
Scrolls
 d - a scroll of brand weapon {unknown}
 h - a scroll of silence {unknown}
Potions
 b - a potion of magic


   Skills:
 + Level 0.1 Fighting
 + Level 0.5 Long Blades
 + Level 1.9 Dodging
 + Level 1.9 Stealth
 + Level 2.6 Spellcasting
 + Level 5.3 Necromancy


You had 6 spell levels left.
You knew the following spells:

 Your Spells              Type           Power      Damage    Failure   Level
a - Necrotise             Necr           84%        1d8       1%          1

Your spell library contained the following spells:

 Spells                   Type           Power      Damage    Failure   Level
 Vampiric Draining        Necr           21%        2d7       6%          3
 Slow                     Hex            8%         N/A       17%         1
 Animate Dead             Necr           21%        N/A       19%         4
 Confusing Touch          Hex            2%         N/A       45%         3
 Agony                    Necr           21%        N/A       47%         5


Dungeon Overview and Level Annotations

Branches:
Dungeon (2/15)

Altars:


Innate Abilities, Weirdness & Mutations

You are partially covered in molten scales. (AC +2)
You regenerate a little health from kills.


Message History

The dead are walking!
An orc comes into view. It is wielding a +0 dagger.
An orc priest comes into view. It is wielding a +0 hand axe.
You swap places.
An orc priest comes into view. It is wielding a +0 mace.
An orc warrior comes into view.
It is wielding a +2 antimagic long sword.
You see here a +0 spear.
You swap places.
Your goblin skeleton hits the orc but does no damage.
The orc hits your goblin skeleton with a +0 flail.
A hobgoblin comes into view.
You see here a +0 spear.
You can't see any susceptible monsters within range! (Use Z to cast anyway.)
Your goblin skeleton hits the orc but does no damage.
The orc closely misses your goblin skeleton.
The orc barely misses your goblin skeleton.
Your goblin skeleton hits the orc.
The orc hits your goblin skeleton with a +0 flail!
Your goblin skeleton is destroyed!
The orc priest mumbles some strange prayers to Beogh against you.
Beogh smites you!
Ouch! That really hurt!
You are too injured to fight recklessly!
Casting: Necrotise (safe; 1% risk of failure)
Confirm with . or Enter, or press ? or * to list all spells.
Aiming: Necrotise (safe; 1% risk of failure)
Press: ? - help, Shift-Dir - straight line, f - orc
Aim: an orc, wielding a +0 flail and wearing a +0 leather armour (lightly wounded, chance to affect: 90%)
The orc barely resists.
Casting: Necrotise (safe; 1% risk of failure)
Confirm with . or Enter, or press ? or * to list all spells.
Aiming: Necrotise (safe; 1% risk of failure)
Press: ? - help, Shift-Dir - straight line, f - orc warrior, p - orc
Aim: an orc warrior, wielding a +2 antimagic long sword and wearing a +0 plate armour (chance to affect: 80%)
You miscast Necrotise.
You are very lightly contaminated with residual magic.
Nothing appears to happen.
The orc priest invokes the aid of Beogh against you.
Beogh smites you!
You die...

.# .. ###.
...### #.... #
#..#
###.o######..#
#..gooo.)..@.#
....o######.##
#.# ##.##
#####...#####
o
#.....#.......
#.
#.###.<.####..
#.# #.##...##
..#
#<.#.......
#.#.#.##.####.


You could see an orc warrior, 2 orc priests and 2 orcs.

Vanquished Creatures
  2 adders (D:4)
  A dart slug (D:1)
  6 ball pythons (D:1)
  4 endoplasms (D:1)
  2 giant cockroaches (D:1)
  2 goblins (D:4)
  4 hobgoblins (D:1)
  3 jackals (D:1)
  2 bats (D:1)
  A frilled lizard (D:1)
  3 kobolds (D:1)
  5 rats (D:1)
35 creatures vanquished.

Vanquished Creatures (collateral kills)
  An endoplasm (D:1)
  A kobold (D:1)
2 creatures vanquished.

Grand Total: 37 creatures vanquished

Notes
Turn   | Place    | Note
-------+----------+-------------------------------------------
     0 | D:1      | rvierbuc the Demonspawn Necromancer began the quest for the
                  | Orb.
     0 | D:1      | Reached XP level 1. HP: 13/13 MP: 3/3
   213 | D:1      | Gained mutation: You are partially covered in molten
                  | scales. (AC +2) [demonic ancestry]
   213 | D:1      | Reached XP level 2. HP: 19/19 MP: 1/5
   398 | D:1      | Reached skill level 5 in Necromancy
   574 | D:1      | Gained mutation: You regenerate a little health from kills.
                  | [demonic ancestry]
   574 | D:1      | Reached XP level 3. HP: 23/24 MP: 6/6
  1094 | D:2      | You fall into a shaft and drop 2 floors!
  1234 | D:4      | Noticed an orc warrior
  1241 | D:4      | Killed from afar by an orc priest

Illustrated notes

Levels and vault maps discovered:
D:1:      minmay_arrival_wavy_path, layout_loops_ring, minmay_pentomino_o4
D:2:      minmay_angry_zag, layout_basic, kennysheep_path_1
D:4:      layout_loops_ring

Skill      XL: |  1  2 |
---------------+-------+-----
Necromancy     | 5 |  5.3
Fighting       | |  0.1
Long Blades    | |  0.5
Dodging        | |  1.9
Stealth        | |  1.9
Spellcasting   | |  2.6

Action                     || total
---------------------------++-------
  Melee: Long sword        ||    36
   Cast: Necrotise         ||    47
 Armour: Robe              ||    13
  Dodge: Dodged            ||    56
